 Dungeon Crawl Stone Soup version 0.17.3-4-g93a25c67f4 (webtiles) character file.

95 21stBCenturyMummyMan the Insei (level 4, 0/35 HPs)
             Began as a Mummy Monk on Sept 15, 2023.
             Slain by a giant frog zombie (4 damage)
             ... on level 4 of the Dungeon.
             The game lasted 00:03:45 (3973 turns).

21stBCenturyMummyMan the Insei (Mummy Monk)         Turns: 3973, Time: 00:03:45

Health: 0/35       AC:  0    Str: 14    XL:     4   Next: 39%
Magic:  4/4        EV: 19    Int:  9    God:
Gold:   171        SH:  0    Dex: 15    Spells: 0 memorised, 3 levels left

rFire  x . .     SeeInvis .       - Unarmed
rCold  + . .     Clarity  .     (no armour)
rNeg   + + +     SustAt   .     (no shield)
rPois  ∞         Gourm    .     (no helmet)
rElec  .         Spirit   .     (no cloak)
rCorr  .         Warding  .     (no gloves)
rMut   .         Stasis   .     (no boots)
MR     .....                    (no amulet)
Stlth  +++.......               g - +6 ring of evasion
                                i - ring of stealth

@: not resistant to hostile enchantments, fairly stealthy
A: no food or potions, fire vulnerability, cold resistance 1, negative energy
resistance 3, torment resistance, unbreathing
a: no special abilities


You were on level 4 of the Dungeon.
You were not hungry.

You visited 1 branch of the dungeon, and saw 4 of its levels.

You collected 171 gold pieces.


Innate Abilities, Weirdness & Mutations

You do not eat or drink.
Your flesh is vulnerable to fire.
You are immune to poison.
Your flesh is cold resistant.
You are immune to negative energy.
You are immune to unholy pain and torment.
You can survive without breathing.


   Skills:
 - Level 3.0 Fighting
 - Level 2.4 Dodging
 - Level 1.5 Stealth
 + Level 4.9 Unarmed Combat


You had 3 spell levels left.
You didn't know any spells.

Inventory:

Jewellery
 g - a +6 ring of evasion (right hand)
 i - a ring of stealth (left hand)
Scrolls
 a - a scroll of remove curse {unknown}
 b - a scroll of fog {unknown}
 c - a scroll of immolation {unknown}
 d - a scroll of fear {unknown}
 e - a scroll of recharging {unknown}
 f - 2 scrolls of noise {unknown}
 h - a scroll of identify {unknown}

Dungeon Overview and Level Annotations

Branches:
Dungeon (4/15)
 Temple: D:4-7

Altars:
Trog

Annotations:
D:4 Pikel

................▒
▒▒▒▒▒▒▒.▒£▒▒▒▒▒▒
▒.▒.▒ ▒▒▒▒▒▒▒.▒.▒
......poo.▒
▒▒▒▒▒▒p▒▒▒ ▒p▒
▒Z▒ ▒M▒ ........▒
▒▒▒▒▒▒▒▒▒


You could see 3 slaves, 2 orcs and a giant frog zombie.


Message History

You see here 7 gold pieces!
The giant frog zombie barely misses you!
You see here 4 poisoned arrows!
The giant frog zombie completely misses you!
The giant frog zombie barely misses you!
You pulverise the giant frog zombie!
The giant frog zombie misses you!
You pummel the giant frog zombie like a punching bag!!!
The giant frog zombie completely misses you!
You pound the giant frog zombie into fine dust!!!
The giant frog zombie closely misses you!
You barely miss the giant frog zombie!
The giant frog zombie hits you! * * * don't die
* * * You take 4 damage, and have 11/35 hp!
You pulverise the giant frog zombie!
The giant frog zombie hits you! * * * don't die
* * * The giant frog zombie barely misses you!
You take 4 damage, and have 7/35 hp!
You squash the giant frog zombie like an ant!
The giant frog zombie completely misses you!
You pummel the giant frog zombie like a punching bag!
The giant frog zombie hits you! * * * don't die
* * * You take 3 damage, and have 4/35 hp!
You barely miss the giant frog zombie!
The giant frog zombie closely misses you!
You squash the giant frog zombie like an ant!
The giant frog zombie misses you!
You pound the giant frog zombie into fine dust!!!
The giant frog zombie hits you! rip

Action                   |  1- 3 |  4- 6 || total
-------------------------+-------+-------++-------
Melee: Unarmed           |   203 |    54 ||   257
 Stab: Sleeping          |     9 |     2 ||    11

Vault maps used:
D:1:      dpeg_arrival_morbid_curiosity
D:2:      marbit_many_paths
D:3:      uniq_crazy_yiuf_cottage, uniq_natasha
D:4:      first_bread, uniq_blork_the_orc, uniq_pikel

Notes
Turn   | Place    | Note
--------------------------------------------------------------
     0 | D:1      | 21stBCenturyMummyMan the Mummy Monk began the quest for the Orb.
     0 | D:1      | Reached XP level 1. HP: 18/18 MP: 1/1
   398 | D:1      | Reached XP level 2. HP: 24/24 MP: 2/2
  1103 | D:1      | Reached skill level 4 in Unarmed Combat
  1487 | D:1      | Reached XP level 3. HP: 22/29 MP: 3/3
  1545 | D:1      | HP: 2/29 [kobold/whip (4)]
  3427 | D:2      | hmm
  3486 | D:2      | Reached XP level 4. HP: 26/35 MP: 4/4
  3741 | D:2      | Found a bloodstained altar of Trog.
  3937 | D:4      | Noticed a slave
  3937 | D:4      | Noticed a slave
  3937 | D:4      | Noticed a slave
  3937 | D:4      | Noticed a slave
  3947 | D:4      | Noticed Pikel
  3973 | D:4      | Slain by a giant frog zombie

Vanquished Creatures
  3 adders (D:2)
  An ooze (D:1)
  3 worms (D:2)
  A ball python (D:1)
  7 goblins
  8 hobgoblins
  5 kobolds
  10 bats
  7 giant cockroaches
  2 giant geckos (D:2)
  2 giant newts
  6 rats
55 creatures vanquished.
